 Dungeon Crawl Stone Soup version 0.20.1-1-g8b1a95d (webtiles) character file.

1446 Jazqa the Skirmisher (level 8, -1/81 HPs)
             Began as a Naga Fighter on Oct 30, 2017.
             Was a Follower of the Shining One.
             Splashed by a jelly's acid (7 damage)
             ... on level 5 of the Dungeon.
             The game lasted 00:05:32 (5802 turns).

Jazqa the Skirmisher (Naga Fighter)                 Turns: 5802, Time: 00:05:34

Health: -1/81      AC: -8    Str: 20    XL:     8   Next: 75%
Magic:  8/8        EV:  5    Int:  9    God:    the Shining One [*.....]
Gold:   249        SH:  9    Dex: 11    Spells: 7/7 levels left

rFire    . . .     SeeInvis +   a - +0 trident
rCold    . . .     Gourm    .   c - +0 shield
rNeg     . . .     Faith    .   b - +0 scale mail
rPois    +         Spirit   .   (no helmet)
rElec    .         Reflect  .   d - +0 cloak
rCorr    .         Harm     .   (no gloves)
MR       +....                  (no barding)
Stlth    +.........             (no amulet)
Regen    0.3/turn               Q - ring of stealth
MPRegen  0.2/turn               (no ring)

@: corroded, glowing, very slow
A: see invisible, deformed body, poison resistance, slowness 2, slow metabolism
1, spit poison 1, AC +2
a: Spit Poison, Renounce Religion


You were on level 5 of the Dungeon.
You worshipped the Shining One.
The Shining One was aware of your devotion.
You were very hungry.

You visited 1 branch of the dungeon, and saw 5 of its levels.

You collected 249 gold pieces.


Innate Abilities, Weirdness & Mutations

You cannot wear boots.
Your serpentine skin is tough. (AC +2)
You have supernaturally acute eyesight. (SInv)
Armour fits poorly on your strangely shaped body.
Your system is resistant to poisons. (rPois)
You cover ground very slowly.
You have a slow metabolism.
You can spit poison.


   Skills:
 + Level 7.9 Fighting
 + Level 7.4 Polearms
 + Level 2.8 Armour
 + Level 2.8 Shields


You had 7 spell levels left.
You didn't know any spells.

Inventory:

Hand Weapons
 a - a +0 trident (weapon)
Armour
 b - a +0 scale mail (worn)
 c - a +0 shield (worn)
 d - a +0 cloak (worn)
Jewellery
 x - the ring of Seangoc {Dex+5 Stlth-, unknown}
   (You found it on level 5 of the Dungeon)

   [ring of loudness]

   It affects your dexterity (+5).
   It makes you less stealthy.
 Q - a ring of stealth (left hand)
Scrolls
 e - a scroll of immolation {unknown}
 g - a scroll of blinking {unknown}
 h - 3 scrolls of recharging {unknown}
 i - 3 scrolls of teleportation {unknown}
 j - a scroll of remove curse {unknown}
 k - a scroll of fear {unknown}
 l - 2 scrolls of amnesia {unknown}
 m - 6 scrolls of identify {@r1}
 o - a scroll of fog {unknown}
 q - a scroll of enchant armour {unknown}
 r - a scroll of random uselessness {unknown}
 t - a scroll of magic mapping {unknown}
Potions
 s - a potion of heal wounds {@q2}
 v - 2 potions of might
 w - a potion of curing {@q1}
Books
 u - a book of Misfortune

   Spells                             Type                      Level
   a - Confusing Touch                Hexes                        1
   b - Confuse                        Hexes                        3
   c - Gell's Gravitas                Translocation                3
   d - Petrify                        Transmutation/Earth          4
   e - Metabolic Englaciation         Hexes/Ice                    5
   f - Yara's Violent Unravelling     Hexes/Transmutation          5
Comestibles
 f - 5 bread rations {@e1}
 n - 7 fruits {@e2}
 p - 4 meat rations {@e1}

Dungeon Overview and Level Annotations

Branches:
Dungeon (5/15)
 Temple: D:4-7

Altars:
The Shining One

#.### #.# #.# ######
####.### #..... #......#
##.#.#.##########....#.#
..[..[..................
........##..............
#.@##.............# ..
#.J##.............#
....##..##.............#
#......##.###.....###.#
.#.####.##.# #.....# #.#
...........# #..[..# #..
##<##...######.....###..
.....#......##.....+....
######.†#....#.....###.#


You could see a jelly.


Message History

* * * LOW HITPOINT WARNING * * *
The jelly is heavily wounded.
The jelly jiggles.
The jelly hits you.
* * * LOW HITPOINT WARNING * * *
You are splashed with acid!
The acid burns!
* * * LOW HITPOINT WARNING * * *
Unknown command.
The jelly barely misses you. The jelly barely misses you.
You block the jelly's attack.
You see here a sky beast corpse.
You block the jelly's attack. You block the jelly's attack. The jelly hits you.
* * * LOW HITPOINT WARNING * * *
The acid corrodes you!
You are splashed with acid!
The acid burns!
* * * LOW HITPOINT WARNING * * *
The jelly hits you.
* * * LOW HITPOINT WARNING * * *
The acid corrodes you!
You are splashed with acid!
The acid burns!
* * * LOW HITPOINT WARNING * * *
Found a cloak.
You puncture the jelly!
Your hands burn!
* * * LOW HITPOINT WARNING * * *
The jelly is severely wounded.
The jelly hits you.
* * * LOW HITPOINT WARNING * * *
You are splashed with acid!
The acid burns!
You die...

Skill      XL: |  1  2  3  4  5  6  7  8 |
---------------+-------------------------+-----
Fighting       | 4 5 6 7 |  7.9
Polearms       | 3 4 5 6 7 |  7.4
Armour         | |  2.8
Shields        | |  2.8

Action                   |  1- 3 |  4- 6 |  7- 9 || total
-------------------------+-------+-------+-------++-------
Melee: Trident           |    95 |   158 |   123 ||   376
  Use: Potion            |       |     5 |       ||     5
       Scroll            |       |     1 |       ||     1
  Eat: Chunk             |       |     7 |     4 ||    11
Armor: Scale mail        |    22 |    48 |    42 ||   112
Dodge: Dodged            |    11 |    42 |    20 ||    73
Block: Shield            |    32 |    73 |    51 ||   156

Vault maps used:
D:1:      dpeg_arrival_snail
D:2:      first_bread, nicolae_tso_carved_into_rock, uniq_crazy_yiuf_cottage,
          uniq_terence
D:3:      kennysheep_generic_room_15, uniq_sigmund
D:4:      uniq_pikel
D:5:      lemuel_insect_pit, uniq_prince_ribbit1

Notes
Turn   | Place    | Note
-------+----------+-------------------------------------------
     0 | D:1      | Jazqa the Naga Fighter began the quest for the Orb.
     0 | D:1      | Reached XP level 1. HP: 21/21 MP: 1/1
   210 | D:1      | Reached XP level 2. HP: 28/28 MP: 2/2
   707 | D:2      | Reached XP level 3. HP: 34/34 MP: 3/3
   869 | D:2      | Found a glowing golden altar of the Shining One.
   873 | D:2      | Became a worshipper of the Shining One
   935 | D:2      | Noticed Terence
   964 | D:2      | Killed Terence
   964 | D:2      | Reached skill level 4 in Fighting
   964 | D:2      | Reached skill level 3 in Polearms
  1036 | D:2      | Reached XP level 4. HP: 44/44 MP: 4/4
  1484 | D:2      | Found a runed door.
  1761 | D:2      | Noticed Crazy Yiuf
  1767 | D:2      | HP: 1/44 [Crazy Yiuf/quarterstaff of chaos (5)]
  1769 | D:2      | Killed Crazy Yiuf
  2285 | D:3      | Noticed Sigmund
  2304 | D:3      | Killed Sigmund
  2304 | D:3      | Reached skill level 5 in Fighting
  2304 | D:3      | Reached skill level 4 in Polearms
  2304 | D:3      | Reached XP level 5. HP: 7/52 MP: 5/5
  2304 | D:3      | Reached XP level 6. HP: 8/61 MP: 6/6
  3525 | D:4      | Noticed a water moccasin
  3536 | D:4      | Killed a water moccasin
  3536 | D:4      | Reached skill level 5 in Polearms
  3847 | D:4      | Reached skill level 6 in Fighting
  3847 | D:4      | Reached XP level 7. HP: 32/69 MP: 7/7
  4277 | D:4      | Noticed Pikel
  4299 | D:4      | Killed Pikel
  4299 | D:4      | Reached skill level 7 in Fighting
  4299 | D:4      | Reached skill level 6 in Polearms
  4299 | D:4      | Reached XP level 8. HP: 66/80 MP: 8/8
  4995 | D:5      | Entered Level 5 of the Dungeon
  5030 | D:5      | Reached skill level 7 in Polearms
  5146 | D:5      | Reached * piety under the Shining One
  5355 | D:5      | Got a steaming wooden ring
  5802 | D:5      | HP: 6/81 [jelly (3)]
  5802 | D:5      | Splashed by a jelly's acid

Vanquished Creatures
  Pikel (D:4)
  Sigmund (D:3)
  A water moccasin (D:4)
  A phantom (D:4)
  2 sky beasts (D:5)
  2 ogres
  A scorpion (D:4)
  2 crimson imps (D:5)
  A jelly (D:5)
  Crazy Yiuf (D:2)
  An orc wizard (D:3)
  Terence (D:2)
  4 gnolls
  3 adders
  A shadow imp (D:5)
  3 oozes
  2 worms
  2 leopard geckos (D:3)
  8 orcs (D:3)
  4 giant cockroaches
  5 goblins
  6 hobgoblins
  7 kobolds
  A quokka (D:2)
  A ball python (D:5)
  4 bats
  3 frilled lizards
  6 rats
75 creatures vanquished.

Vanquished Creatures (others)
  A slave (D:4)
  2 jackals (D:4)
3 creatures vanquished.

Grand Total: 78 creatures vanquished
